 Dungeon Crawl Stone Soup version 0.20.1-1-g8b1a95d (webtiles) character file.

1488 tmwrnj the Cleaver (level 8, 0/70 HPs)
             Began as a Hill Orc Fighter on Sept 30, 2017.
             Was a Believer of Beogh.
             Killed from afar by a gargoyle (22 damage)
             ... with a stone arrow
             ... on level 6 of the Dungeon.
             The game lasted 00:18:10 (7515 turns).

tmwrnj the Cleaver (Hill Orc Fighter)               Turns: 7515, Time: 00:18:11

Health: 0/70       AC:  7    Str: 20    XL:     8   Next: 80%
Magic:  8/8        EV: 10    Int:  8    God:    Beogh [**....]
Gold:   339        SH: 10    Dex: 11    Spells: 7/7 levels left

rFire    . . .     SeeInvis .   a - +0 war axe
rCold    . . .     Gourm    .   c - +0 shield
rNeg     . . .     Faith    .   q - +1 ring mail {rPois}
rPois    +         Spirit   .   (no helmet)
rElec    .         Reflect  .   (no cloak)
rCorr    .         Harm     .   t - -1 pair of gloves (curse)
MR       .....                  (no boots)
Stlth    +.........             (no amulet)
Regen    0.3/turn               (no ring)
MPRegen  0.2/turn               (no ring)

@: no status effects
A: no striking features
a: Smiting, Renounce Religion


You were on level 6 of the Dungeon.
You worshipped Beogh.
Beogh was pleased with you.
You were not hungry.

You visited 1 branch of the dungeon, and saw 7 of its levels.
You also visited: Sewer.

You collected 339 gold pieces.

Inventory:

Hand Weapons
 a - a +0 war axe (weapon)
Armour
 b - a +0 scale mail
 c - a +0 shield (worn)
 q - a +1 ring mail of poison resistance (worn)
 s - a +0 pair of gloves
 t - a cursed -1 pair of gloves (worn)
 x - a +0 plate armour
 B - a cursed +0 shield
Jewellery
 k - an uncursed ring of magical power {unknown}
 C - an uncursed ring of wizardry {unknown}
 D - a +6 ring of strength {unknown}
Wands
 I - a wand of disintegration (11/24)
Scrolls
 e - 9 scrolls of teleportation
 l - 3 scrolls of blinking
 n - 2 scrolls of recharging
 o - 3 scrolls of identify
 v - a scroll of random uselessness {unknown}
 y - a scroll of fog {unknown}
 z - 2 scrolls of fear
 E - a scroll of remove curse {unknown}
 G - a scroll of immolation {unknown}
 J - a scroll of amnesia {unknown}
Potions
 d - a potion of might
 h - a potion of resistance {unknown}
 i - a potion of lignification {unknown}
 j - a potion of degeneration {unknown}
 m - a potion of invisibility {unknown}
 p - 2 potions of curing {unknown}
 u - 4 potions of haste
 w - 3 potions of flight {unknown}
 A - 2 potions of magic {unknown}
 F - a potion of mutation {unknown}
Books
 H - the Almanac of Mastery
   (You found it on level 6 of the Dungeon)

   Spells                             Type                      Level
   a - Magic Dart                     Conjuration                  1
   b - Searing Ray                    Conjuration                  2
   c - Silence                        Hexes/Air                    5
   d - Freezing Cloud                 Conjuration/Ice/Air          6
   e - Invisibility                   Hexes                        6
Comestibles
 f - 3 bread rations
 g - 4 royal jellies
 r - 3 meat rations


   Skills:
 + Level 6.2 Fighting
 + Level 8.5(8.7) Axes
   Level 2.1(4.9) Maces & Flails
 + Level 5.4 Armour
 + Level 2.8 Dodging
 + Level 6.0 Shields


You had 7 spell levels left.
You didn't know any spells.

Dungeon Overview and Level Annotations

Branches:
Dungeon (7/15)             Temple (0/1) D:4

Altars:
Cheibriados
Fedhas
Okawaru
Qazlal
The Shining One

Shops:
D:5 :%=(

Annotations:
D:5 Manual of fighting in shop in SW


Message History

You hit the gargoyle.
The gargoyle is almost destroyed.
The gargoyle hits you but does no damage.
You hit the gargoyle.
The gargoyle is almost destroyed.
You barely miss the gargoyle.
The gargoyle is almost destroyed.
The gargoyle closely misses you.
You hit the gargoyle.
The gargoyle is almost destroyed.
You block the gargoyle's attack.
You hit the gargoyle but do no damage.
The gargoyle is almost destroyed.
The gargoyle hits you with a flail of protection.
* * * LOW HITPOINT WARNING * * *
You hit the gargoyle but do no damage.
The gargoyle is almost destroyed.
The gargoyle hurls a stone arrow at you.
The stone arrow hits you!
You die...

...........#PPPP♣≈≈≈PP≈..>###
#.. ............##PP♣≈≈≈≈PP...#
#.. ............#PPPP♣♣♣≈≈P.###
#.. ...........#.PPP♣♣≈≈≈PP.#
##. ....[.......≈PP≈≈≈♣≈P.P.# ##
........PP...≈♣≈≈≈PP.P#######
.......≈≈≈≈≈≈≈≈≈≈.P≈≈#####..###
#######P≈≈♣P≈PP9≈.######......##
#P≈P≈≈≈P≈.@.# #.._.....##
####.†####..## #.........# ##.#
#...# ##......... #.## ##..##
##........ ##.# #.).## #........
#.## ##...# ##....... #..# ##..#
###..... ##.# #### ####..####
#.## #####....##


You could see a gargoyle.

Vanquished Creatures
  Eustachio (D:6)
  An ice beast (D:6)
  2 ogres (D:5)
  Blork the orc (D:5)
  A gnoll sergeant (D:5)
  A big kobold (Sewer)
  A howler monkey (D:6)
  A crimson imp (D:6)
  4 hounds
  A bullfrog skeleton (D:4)
  2 orc priests
  An orc wizard (D:6)
  A centaur skeleton (D:6)
  4 worker ants
  A worker ant zombie (D:6)
  14 adders
  13 gnolls
  A howler monkey skeleton (D:6)
  A shadow imp (D:6)
  2 oozes
  3 worms
  3 dart slugs (D:1)
  6 leopard geckos
  26 orcs
  5 ball pythons (Sewer)
  8 giant cockroaches
  9 goblins
  8 hobgoblins
  9 jackals
  13 kobolds
  2 quokkas
  6 bats
  5 frilled lizards
  A leopard gecko skeleton (D:5)
  3 quokka skeletons
  9 rats
  A bush (D:5)
  2 fungi (D:5)
  4 plants
177 creatures vanquished.

Vanquished Creatures (others)
  An orc (D:3)
  2 plants (D:6)
3 creatures vanquished.

Grand Total: 180 creatures vanquished

Notes
Turn   | Place    | Note
-------+----------+-------------------------------------------
     0 | D:1      | tmwrnj the Hill Orc Fighter began the quest for the Orb.
     0 | D:1      | Reached XP level 1. HP: 19/19 MP: 1/1
    60 | D:1      | Reached XP level 2. HP: 20/27 MP: 2/2
    97 | D:1      | Reached skill level 3 in Axes
   315 | D:1      | Reached XP level 3. HP: 24/33 MP: 3/3
   863 | D:2      | Reached skill level 4 in Axes
   997 | D:2      | Reached XP level 4. HP: 35/40 MP: 4/4
  1902 | D:3      | Found a glowing drain.
  1908 | D:3      | Reached XP level 5. HP: 41/46 MP: 5/5
  1939 | Sewer    | Entered a sewer
  1950 | Sewer    | Reached skill level 5 in Axes
  1972 | Sewer    | Noticed a big kobold
  1986 | Sewer    | Killed a big kobold
  1986 | Sewer    | Reached skill level 1 in Dodging
  2144 | Sewer    | Reached XP level 6. HP: 37/53 MP: 6/6
  2522 | D:3      | Became a worshipper of Beogh the Brigand
  2558 | D:3      | Found a faded altar of an unknown god.
  3138 | D:4      | Found a glowing golden altar of the Shining One.
  3152 | D:4      | Reached skill level 5 in Fighting
  3244 | D:4      | Reached skill level 1 in Maces & Flails
  3567 | D:4      | Reached * piety under Beogh
  3567 | D:4      | Reached XP level 7. HP: 58/61 MP: 7/7
  3699 | D:4      | Found a staircase to the Ecumenical Temple.
  4085 | D:5      | Entered Level 5 of the Dungeon
  4106 | D:5      | Found Izxiraubb's Food Emporium.
  4163 | D:5      | Found Biddish's Antique Weapon Emporium.
  4184 | D:5      | Found Vafeuqeh's Jewellery Shoppe.
  4334 | D:5      | Found Sylida's Book Shoppe.
  4392 | D:5      | Found a blossoming altar of Fedhas.
  4393 | D:5      | Found a stormy altar of Qazlal.
  4591 | D:5      | Noticed Blork the orc
  4606 | D:5      | Killed Blork the orc
  4606 | D:5      | Reached skill level 5 in Shields
  4623 | D:5      | Reached skill level 6 in Axes
  4729 | D:5      | Found an iron altar of Okawaru.
  5514 | D:6      | Found a snail-covered altar of Cheibriados.
  5523 | D:6      | Reached skill level 5 in Armour
  5523 | D:6      | Reached XP level 8. HP: 27/70 MP: 8/8
  5875 | D:6      | Reached skill level 7 in Axes
  6058 | D:7      | Noticed a hippogriff
  6235 | D:6      | Reached ** piety under Beogh
  6240 | D:6      | Identified the Almanac of Mastery
  6402 | D:6      | Noticed Eustachio
  6404 | D:6      | Noticed a gargoyle
  6477 | D:6      | Killed Eustachio
  6797 | D:5      | Reached skill level 8 in Axes
  7515 | D:6      | Killed from afar by a gargoyle

Skill      XL: |  1  2  3  4  5  6  7  8 |
---------------+-------------------------+-----
Axes           | 3 4 5 6 8 |  8.5
Fighting       | 4 5 6 |  6.2
Dodging        | 1 2 |  2.8
Armour         | 4 5 |  5.4
Shields        | 4 5 6 |  6.0
Maces & Flails | 1 2 |  2.1

Action                   |  1- 3 |  4- 6 |  7- 9 || total
-------------------------+-------+-------+-------++-------
Melee: War axe           |   125 |   131 |   338 ||   594
       Whip              |       |   161 |    68 ||   229
Invok: Convert to Beogh  |       |     1 |       ||     1
  Use: Scroll            |       |     4 |     1 ||     5
  Eat: Chunk             |       |     9 |    10 ||    19
       Royal jelly       |       |       |     2 ||     2
Armor: Scale mail        |    74 |    20 |       ||    94
       Ring mail         |       |    76 |    85 ||   161
Dodge: Dodged            |    48 |   106 |   124 ||   278
Block: Shield            |    75 |   160 |   205 ||   440
